 Dungeon Crawl Stone Soup version 0.25.0 (webtiles) character file.

Game seed: 18063021611077858029

114 dorian the Covered (level 4, -6/28 HPs)
             Began as a Gargoyle Fighter on June 12, 2020.
             Splashed by Ijyb's acid (13 damage)
             ... on level 3 of the Dungeon.
             The game lasted 00:02:19 (1893 turns).

dorian the Covered (Gargoyle Fighter)               Turns: 1893, Time: 00:02:20

Health: -6/28      AC:  7    Str: 20    XL:     4   Next: 98%
Magic:  4/4        EV:  7    Int:  9    God:
Gold:   117        SH:  9    Dex:  9    Spells: 3/3 levels left

rFire    . . .     SeeInvis .   a - +0 war axe
rCold    . . .     Gourm    .   c - +0 kite shield
rNeg     + . .     Faith    .   b - +0 scale mail
rPois    ∞         Spirit   .   (no helmet)
rElec    +         Reflect  .   (no cloak)
rCorr    .         Harm     .   (no gloves)
MR       .....                  i - +0 pair of boots
Stlth    ..........             (no amulet)
HPRegen  0.09/turn              (no ring)
MPRegen  0.09/turn              (no ring)

@: corroded
A: negative energy resistance 1, electricity resistance, unbreathing,
petrification resistance, rot immunity, AC +3
a: no special abilities


You were on level 3 of the Dungeon.
You were not hungry.

You visited 1 branch of the dungeon, and saw 3 of its levels.

You collected 117 gold pieces.

Inventory:

Hand Weapons
 a - a +0 war axe (weapon)
Armour
 b - a +0 scale mail (worn)
 c - a +0 kite shield (worn)
 i - a +0 pair of boots (worn)
Scrolls
 h - a scroll of magic mapping {unknown}
 m - a scroll of teleportation {unknown}
 n - 2 scrolls of remove curse {unknown}
 o - a scroll of identify {unknown}
Potions
 d - 2 potions of might
 e - a potion of brilliance {unknown}
 j - a potion of heal wounds {unknown}
 k - a potion of lignification {unknown}
 l - 2 potions of curing {unknown}
 p - 2 potions of magic {unknown}
Comestibles
 f - 2 rations


   Skills:
 - Level 3.2 Fighting
 * Level 3.4 Axes
 + Level 4.1 Armour
 + Level 4.1 Shields


You had 3 spell levels left.
You didn't know any spells.
Your spell library was empty.

Dungeon Overview and Level Annotations

Branches:
Dungeon (3/15)

Altars:
Fedhas
Kikubaaqudgha
Uskayaw
Yredelemnul

Annotations:
D:3 Grinder, Ijyb


Innate Abilities, Weirdness & Mutations

You are resistant to torment.
Your stone body is resilient. (AC +3)
You are immune to poison.
You resist negative energy. (rN+)
You are resistant to electric shocks. (rElec)
You can survive without breathing.
You are immune to petrification.
You are immune to rotting.


Message History

Ijyb is moderately wounded.
You closely miss the kobold. You block the kobold's attack. Ijyb hits you.
You slash Ijyb!
Ijyb is severely wounded.
You closely miss the kobold. You block the kobold's attack.
You block Ijyb's attack. The kobold hits you but does no damage.
Ijyb hits you but does no damage.
You barely miss Ijyb.
Ijyb is severely wounded.
You barely miss the kobold. The kobold hits you but does no damage.
You block Ijyb's attack.
You barely miss Ijyb.
Ijyb is severely wounded.
You barely miss the kobold. You block the kobold's attack.
Ijyb screams, "Me kill you!"
Ijyb zaps a wand.
The bolt of acid hits you!!
Ouch! That really hurt!
* * * LOW HITPOINT WARNING * * *
The acid corrodes you!
You are splashed with acid!
You die...

#......# #...##.#
#.#.##.# #.#.##.#
######.#'##+#####
#..)............#
#.####..........#
#.#..Kg.........#
#.....@.........#
#.####..........#
#....'..).......#
######..........#
#..........#
#..........#
#...)......#
#..........#
#..........#


You could see Ijyb and a kobold.

Vanquished Creatures
  4 adders (D:2)
  2 worms (D:2)
  A dart slug (D:2)
  3 leopard geckos
  7 bats
  2 giant cockroaches (D:1)
  13 goblins
  10 hobgoblins
  6 jackals (D:1)
  A ball python (D:1)
  3 frilled lizards
  7 kobolds
  A leopard gecko zombie (D:2)
  2 rats (D:1)
62 creatures vanquished.

Notes
Turn   | Place    | Note
-------+----------+-------------------------------------------
     0 | D:1      | dorian the Gargoyle Fighter began the quest for the Orb.
     0 | D:1      | Reached XP level 1. HP: 14/14 MP: 1/1
   251 | D:1      | Reached XP level 2. HP: 19/19 MP: 2/2
   563 | D:1      | Reached XP level 3. HP: 23/23 MP: 3/3
  1081 | D:2      | Reached XP level 4. HP: 28/28 MP: 4/4
  1395 | D:2      | Found a hide-covered altar of Uskayaw.
  1501 | D:2      | Found an ancient bone altar of Kikubaaqudgha.
  1503 | D:2      | Found a blossoming altar of Fedhas.
  1511 | D:2      | Found a basalt altar of Yredelemnul.
  1558 | D:3      | Noticed Grinder
  1703 | D:3      | Noticed Ijyb
  1893 | D:3      | Splashed by Ijyb's acid

Illustrated notes

Levels and vault maps discovered:
D:1:      roderic_crop_circles_arrival_small, layout_basic
D:2:      layout_rooms, old_standard_altar, gammafunk_temple_overflow_forgotten,
          minmay_goblin_kobold_house
D:3:      layout_basic, led_sif_book, marbit_many_paths, minmay_curled_crystal,
          serial_park_tiny_1, uniq_grinder, uniq_ijyb

Skill      XL: |  1  2  3  4 |
---------------+-------------+-----
Axes           | 2 3 |  3.4
Armour         | 4 |  4.1
Shields        | 4 |  4.1
Fighting       | |  3.2

Action                   |  1- 3 |  4- 6 || total
-------------------------+-------+-------++-------
Melee: War axe           |   141 |    80 ||   221
  Eat: Chunk             |     1 |     3 ||     4
Armor: Scale mail        |    92 |    52 ||   144
Dodge: Dodged            |    57 |    27 ||    84
Block: Kite shield       |    97 |    64 ||   161
